 Dungeon Crawl Stone Soup version 0.25-a0-317-g5f8687bca5 (webtiles) character file.

Game seed: 8158920473072844723, levelgen mode: deterministic

436 Lanoc the Slasher (level 7, -3/37 HPs)
             Began as a Vine Stalker Fighter on Dec 26, 2019.
             Killed by divine providence
             ... invoked by an orc priest
              (15 damage)
             ... on level 4 of the Dungeon.
             The game lasted 00:05:23 (2410 turns).

Lanoc the Slasher (Vine Stalker Fighter)            Turns: 2410, Time: 00:05:24

Health: -3/37      AC: 12    Str: 18    XL:     7   Next: 1%
Magic:  0/8        EV:  6    Int:  8    God:
Gold:   95         SH:  5    Dex: 16    Spells: 6/6 levels left

rFire    . . .     SeeInvis .   a - +0 long sword
rCold    . . .     Gourm    .   b - +0 buckler
rNeg     . . .     Faith    .   l - +0 plate armour
rPois    .         Spirit   +   (no helmet)
rElec    .         Reflect  .   e - +0 cloak
rCorr    .         Harm     .   (no gloves)
MR       .....                  (no boots)
Stlth    ..........             (no amulet)
HPRegen  0.52/turn              (no ring)
MPRegen  0.11/turn              (no ring)

@: no status effects
A: fangs 2, regeneration 1, magic shield, antimagic bite, no potion heal 3, rot
immunity
a: no special abilities


You were on level 4 of the Dungeon.
You were not hungry.

You visited 1 branch of the dungeon, and saw 4 of its levels.

You collected 95 gold pieces.

Inventory:

Hand Weapons
 a - a +0 long sword (weapon)
Armour
 b - a +0 buckler (worn)
 c - a +0 shield
 e - a +0 cloak (worn)
 l - a +0 plate armour (worn)
Scrolls
 g - 2 scrolls of random uselessness {unknown}
 i - 2 scrolls of teleportation {unknown}
 m - a scroll of enchant weapon {unknown}
 n - a scroll of noise {unknown}
 p - a scroll of remove curse {unknown}
 r - 3 scrolls of identify {unknown}
Potions
 d - a potion of might
 h - 2 potions of curing {unknown}
 j - a potion of heal wounds {unknown}
 k - a potion of agility {unknown}
 o - 2 potions of degeneration {unknown}
 q - 3 potions of ambrosia {unknown}
 s - a potion of brilliance {unknown}
 u - a potion of cancellation {unknown}
Comestibles
 f - 4 rations


   Skills:
 + Level 3.6 Fighting
 * Level 4.1 Long Blades
 + Level 3.3 Armour
 + Level 2.0 Dodging
 + Level 3.6 Shields


You had 6 spell levels left.
You didn't know any spells.
Your spell library was empty.

Dungeon Overview and Level Annotations

Branches:
Dungeon (4/15)
 Temple: D:4-7

Altars:
Xom

Annotations:
D:3 1 runed translucent door, twoshot's ghost, amateur GnWz


Innate Abilities, Weirdness & Mutations

You have extremely sharp teeth.
Your natural rate of healing is unusually fast.
When hurt, damage is shared between your health and your magic reserves.
Your bite disrupts and absorbs the magic of your enemies.
Potions cannot restore your health.
You are immune to rotting.


Message History

The orc wizard hits you but does no damage.
You closely miss the orc wizard. Your bite misses the orc wizard.
The orc wizard is heavily wounded.
The orc priest hits you. The orc hits you but does no damage.
You block the orc wizard's attack.
The orc priest invokes the aid of Beogh against you.
Beogh smites you!
* * * LOW HITPOINT WARNING * * *
You hit the orc wizard. Your bite misses the orc wizard.
The orc wizard is severely wounded.
The orc barely misses you.
You riposte.
You hit the orc.
The orc is heavily wounded.
You block the orc wizard's attack.
The orc priest hits you but does no damage.
You hit the orc wizard.
You kill the orc wizard!
You have reached level 7!
The orc priest calls down the wrath of Beogh upon you.
Beogh smites you!
You die...

........##....#
........##....#
..............#
.........(....#
..##....##....#
..##....##....###+#
..............##..#
......)..........o##..##
................@)o.....
.................o......
+###....########.###..##
##....##.. #.# .#
#......... ...
..#.......... ...#
..#.......... ..##
..#.......... ...#
..#..........


You could see an orc priest, an orc wizard and an orc.

Vanquished Creatures
  An orc priest (D:2)
  5 orc wizards
  2 worker ants (D:4)
  9 adders
  A gnoll (D:2)
  An ooze (D:1)
  4 worms
  A dart slug (D:2)
  3 leopard geckos
  15 orcs
  8 bats
  A giant cockroach (D:3)
  7 goblins
  8 hobgoblins
  8 jackals
  12 ball pythons
  6 frilled lizards
  12 kobolds
  4 rats
108 creatures vanquished.

Notes
Turn   | Place    | Note
-------+----------+-------------------------------------------
     0 | D:1      | Lanoc the Vine Stalker Fighter began the quest for the Orb.
     0 | D:1      | Reached XP level 1. HP: 11/11 MP: 2/2
   217 | D:1      | Reached skill level 2 in Long Blades
   254 | D:1      | Reached XP level 2. HP: 16/16 MP: 3/3
   496 | D:1      | Reached XP level 3. HP: 19/19 MP: 4/4
  1116 | D:2      | Reached skill level 1 in Dodging
  1116 | D:2      | Gained mutation: Your natural rate of healing is unusually
                  | fast. [Vine Stalker growth]
  1116 | D:2      | Reached XP level 4. HP: 21/24 MP: 3/5
  1372 | D:2      | Reached skill level 3 in Long Blades
  1389 | D:2      | Reached XP level 5. HP: 19/28 MP: 3/6
  1539 | D:2      | Found a shimmering altar of Xom.
  1749 | D:3      | Found a runed translucent door.
  1750 | D:3      | Noticed twoshot's ghost (amateur GnWz)
  1901 | D:3      | Reached XP level 6. HP: 32/32 MP: 7/7
  2389 | D:4      | Reached skill level 4 in Long Blades
  2410 | D:4      | Reached XP level 7. HP: 11/37 MP: 2/8
  2410 | D:4      | Killed from afar by an orc priest

Levels and vault maps discovered:
D:1:      dpeg_arrival_refuge, layout_basic, minmay_tetromino_o4
D:2:      layout_basic, tgw_xom, minmay_snake_closets
D:3:      layout_rooms, ebering_ghost_reflecting_pool
D:4:      layout_gridville, lemuel_blue_sif_altar, first_ration,
          nicolae_underground_beach

Skill      XL: |  1  2  3  4  5  6 |
---------------+-------------------+-----
Long Blades    | 2 3 4 |  4.1
Fighting       | 3 |  3.6
Shields        | 3 |  3.6
Dodging        | 1 2 |  2.0
Armour         | 3 |  3.3

Action                   |  1- 3 |  4- 6 |  7- 9 || total
-------------------------+-------+-------+-------++-------
Melee: Long sword        |   108 |   233 |       ||   341
       Bite              |    28 |    60 |       ||    88
 Stab: Invisible         |       |     2 |       ||     2
  Eat: Chunk             |       |     6 |       ||     6
Armor: Scale mail        |    21 |       |       ||    21
       Plate armour      |    38 |   191 |       ||   229
Dodge: Dodged            |    30 |    46 |       ||    76
Block: Shield            |    41 |       |       ||    41
       Buckler           |     8 |    50 |       ||    58
       Rpst.: Long sword |    14 |    12 |       ||    26

Table legend:
 A = Non-vault XP
 B = Vault XP
 C = Vault XP percentage of total XP
 D = Non-vault monster count
 E = Vault monster count
 F = Vault count percentage of total count
                 A         B        C        D         E       F
            +---------+---------+-------+---------+---------+-------
      Total |     510 |     114 |  18.3 |      84 |      24 |  22.2
            +---------+---------+-------+---------+---------+-------
        D:1 |      54 |       7 |  11.5 |      30 |       4 |  11.8
        D:2 |     139 |     107 |  43.5 |      20 |      20 |  50.0
        D:3 |     154 |       0 |   0.0 |      27 |       0 |   0.0
        D:4 |     163 |       0 |   0.0 |       7 |       0 |   0.0
            +---------+---------+-------+---------+---------+-------
